 Dungeon Crawl Stone Soup version 0.29.1-15-g9cfb28693d (webtiles) character file.

Game seed: 17308030307603737503

208 Lolow the Firebug (level 6, 0/43 HPs)
             Began as a Human Fire Elementalist on May 16, 2023.
             Was a Believer of Vehumet.
             Slain by a gnoll
             ... wielding a +0 flail
             ... led by a gnoll bouda
              (4 damage)
             ... on level 2 of the Dungeon.
             The game lasted 00:21:24 (2334 turns).

Lolow the Firebug (Human Fire Elementalist)         Turns: 2334, Time: 00:21:25

Health: 0/43       AC:  6    Str: 10    XL:     6   Next: 11%
Magic:  3/10       EV: 12    Int: 15    God:    Vehumet [**....]
Gold:   156        SH:  0    Dex: 14    Spells: 6/11 levels left

rFire   + . .      SeeInvis .   e - +2 short sword (elec)
rCold   + . .      Faith    .   (no shield)
rNeg    . . .      Spirit   .   a - +0 robe
rPois   +          Reflect  .   (no helmet)
rElec   +          Harm     .   l - +0 cloak
rCorr   +          Rampage  .   (no gloves)
Will    .....                   o - +2 pair of boots
Stlth   ++........              (no amulet)
HPRegen 0.14/turn               (no ring)
MPRegen 0.12/turn               (no ring)

@: resistant
A: no striking features
a: Renounce Religion


You were on level 2 of the Dungeon.
You worshipped Vehumet.
Vehumet was pleased with you.
You visited 1 branch of the dungeon, and saw 3 of its levels.

You collected 156 gold pieces.

Inventory:

Hand Weapons
 e - a +2 short sword of electrocution (weapon)
 k - a +3 quarterstaff of chaos
 n - a +0 hammer
 p - a +2 short sword of venom
Missiles
 d - 23 stones
Armour
 a - a +0 robe (worn)
 h - a +0 robe
 l - a +0 cloak (worn)
 o - a +2 pair of boots (worn)
Scrolls
 g - a scroll of blinking {unknown}
Potions
 b - a potion of magic
 c - a potion of might
 i - a potion of mutation {unknown}
 j - a potion of heal wounds {unknown}
 m - a potion of haste {unknown}


   Skills:
 + Level 1.0 Fighting
 + Level 1.3 Short Blades
 + Level 2.6 Dodging
 + Level 2.4 Stealth
 + Level 3.0 Spellcasting
 + Level 2.4 Conjurations
 + Level 4.2 Fire Magic


You had 6 spell levels left.
You knew the following spells:

 Your Spells              Type           Power      Damage    Failure   Level
a - Foxfire               Conj/Fire      48%        2x1d6     4%          1
b - Conjure Flame         Conj/Fire      12%        6-21      16%         3
c - Magic Dart            Conj           36%        1d4       8%          1

Your spell library contained the following spells:

 Spells                   Type           Power      Damage    Failure   Level
 Sandblast                Erth           4%         2d4       21%         1
 Scorch                   Fire           28%        2d6       5%          2
 Inner Flame              Hex/Fire       8%         N/A       26%         3
 Flame Wave               Conj/Fire      12%        2d6       45%         4


Dungeon Overview and Level Annotations

Branches:
Dungeon (3/15)

Altars:
Vehumet

Annotations:
D:3 Jessica, Robin


Message History

The gnoll is severely wounded.
Your foxfire dissipates!
The gnoll hits you but does no damage.
It was a potion of resistance.
You feel protected. The gnoll barely misses you.
The gnoll hits you with a +0 club.
* * * LOW HITPOINT WARNING * * *
The gnoll hits you with a +0 flail.
* * * LOW HITPOINT WARNING * * *
Casting: Foxfire (safe; 5% risk of failure)
Confirm with . or Enter, or press ? or * to list all spells.
You conjure some foxfire!
The gnoll misses you. The gnoll hits you but does no damage.
The gnoll closely misses you.
Your foxfire dissipates!
The foxfire hits the gnoll but does no damage.
The gnoll is lightly wounded.
Casting: Foxfire (safe; 5% risk of failure)
Confirm with . or Enter, or press ? or * to list all spells.
You conjure some foxfire!
The foxfire hits the gnoll but does no damage.
The gnoll is severely wounded.
The gnoll attacks as you move away! The gnoll barely misses you.
The foxfire hits the gnoll.
The gnoll is almost dead.
Casting: Foxfire (safe; 5% risk of failure)
Confirm with . or Enter, or press ? or * to list all spells.
You conjure some foxfire!
The foxfire hits the gnoll.
You kill the gnoll!
Vehumet accepts your kill.
You feel your power returning.
Your Fighting skill increases to level 1!
The gnoll attacks as you move away! The gnoll misses you.
The foxfire hits the gnoll.
You kill the gnoll!
Vehumet accepts your kill.
Your Spellcasting skill increases to level 3!
Casting: Foxfire (safe; 4% risk of failure)
Confirm with . or Enter, or press ? or * to list all spells.
You conjure some foxfire!
The gnoll hits you with a +0 flail.
You die...

###.#########.#.#### #...# ##.#
...............>#### ##### #..#
##.........#.......# #.##
#.........#.#...#.###########..#
##...................#.##.......#
.'........<......#.###.##.#.###.#
##.........####.##.....##.#.....#
#.........# #...g)..####.#######
#.........# #.v@..............#
#.........# #.v.##.#####.####.#
##.........# #...##.......####.#
...######### ##.#########.#....##
...# #.# #........[....# ...#
#.###.#######.###.# ...#########
#.##..#...#.#.###.# ...........#
#.##.<#.##..#.#...# ...........#
#.##........#.#.#..


You could see a gnoll (ally target).

Vanquished Creatures
  Crazy Yiuf (D:2)
  Natasha (thrice) (D:2)
  2 gnolls (D:2)
  4 adders (D:2)
  6 endoplasms
  2 giant cockroaches
  9 goblins
  6 hobgoblins
  4 ball pythons
  5 bats (D:1)
  2 frilled lizards (D:2)
  6 kobolds
  3 rats
53 creatures vanquished.

Vanquished Creatures (others)
  81 foxfires
81 creatures vanquished.

Grand Total: 134 creatures vanquished

Notes
Turn   | Place    | Note
-------+----------+-------------------------------------------
     0 | D:1      | Lolow the Human Fire Elementalist began the quest for the
                  | Orb.
     0 | D:1      | Reached XP level 1. HP: 13/13 MP: 3/3
   111 | D:1      | Reached XP level 2. HP: 16/19 MP: 1/5
   696 | D:2      | Reached XP level 3. HP: 9/24 MP: 1/6
   845 | D:2      | Learned a level 3 spell: Conjure Flame
  1070 | D:2      | Noticed Natasha
  1077 | D:2      | Killed Natasha
  1078 | D:2      | Reached XP level 4. HP: 30/30 MP: 2/7
  1094 | D:2      | Noticed Natasha
  1099 | D:2      | Killed Natasha
  1221 | D:2      | Found a faded altar of an unknown god.
  1238 | D:2      | Prayed at the altar of an unknown god.
  1238 | D:2      | Became a worshipper of Vehumet
  1238 | D:2      | Reached * piety under Vehumet
  1238 | D:2      | Offered knowledge of Magic Dart by Vehumet.
  1241 | D:2      | Learned a level 1 spell: Magic Dart
  1379 | D:2      | Found a runed translucent door.
  1380 | D:2      | Noticed Crazy Yiuf
  1392 | D:2      | Killed Crazy Yiuf
  1393 | D:2      | Reached skill level 1 in Short Blades
  1393 | D:2      | Reached skill level 4 in Fire Magic
  1393 | D:2      | Reached XP level 5. HP: 31/36 MP: 1/8
  1899 | D:3      | Noticed Robin
  2039 | D:2      | Noticed Natasha
  2045 | D:2      | Killed Natasha
  2279 | D:3      | Offered knowledge of Sandblast by Vehumet.
  2282 | D:3      | Reached XP level 6. HP: 42/42 MP: 8/10
  2303 | D:3      | Noticed Jessica
  2333 | D:2      | Reached skill level 1 in Fighting
  2333 | D:2      | Reached ** piety under Vehumet
  2334 | D:2      | Slain by a gnoll

Illustrated notes

Levels and vault maps discovered:
D:1:      heliophobic_arrival_ceremonial_halls, layout_rooms
D:2:      layout_basic, ebering_ecumenical_altar_abandoned, uniq_natasha,
          uniq_crazy_yiuf_cottage
D:3:      layout_rooms, vehumet_crystals, chequers_avenue, uniq_jessica,
          uniq_robin

Skill      XL: |  1  2  3  4  5  6 |
---------------+-------------------+-----
Short Blades   | 1 |  1.3
Conjurations   | 2 |  2.4
Fire Magic     | 4 |  4.2
Fighting       | 1 |  1.0
Spellcasting   | 3 |  3.0
Dodging        | |  2.6
Stealth        | |  2.4

Action                   |  1- 3 |  4- 6 || total
-------------------------+-------+-------++-------
Melee: Short sword       |    24 |    33 ||    57
       Unarmed           |     1 |       ||     1
       Punch             |       |     1 ||     1
 Cast: Foxfire           |    25 |    30 ||    55
       Conjure Flame     |     1 |     2 ||     3
       Magic Dart        |       |    20 ||    20
  Use: Scroll            |     3 |     1 ||     4
       Potion            |     2 |     1 ||     3
Armor: Robe              |     9 |    23 ||    32
Dodge: Dodged            |    25 |    42 ||    67
